 Dungeon Crawl Stone Soup version 0.26-a0-540-g8a0c9464d7 (webtiles) character file.

Game seed: 16919807393533958848

18901 vurker the Cleaver (level 13, -2/103 (106) HPs)
             Began as a Formicid Delver on Aug 24, 2020.
             Was an Elder of Makhleb.
             Slain by an orc sorcerer
             ... wielding a +0 quarterstaff of flaming
              (9 damage)
             ... in a volcano.
             The game lasted 00:18:59 (16810 turns).

vurker the Cleaver (Formicid Delver)               Turns: 16810, Time: 00:18:59

HP:   -2/103 (106)  AC: 17    Str: 21    XL:     13   Next: 0%
MP:   21/21         EV:  8    Int: 11    God:    Makhleb [****..]
Gold: 262           SH:  5    Dex: 12    Spells: 12/12 levels left

rFire    . . .     SeeInvis +   a - +0 executioner's axe (venom)
rCold    . . .     Faith    .   (no shield)
rNeg     + . .     Spirit   .   x - +2 chain mail {rPois}
rPois    +         Reflect  +   (helmet unavailable)
rElec    .         Harm     .   (no cloak)
rCorr    .                      (no gloves)
MR       +....                  h - +1 pair of boots
Stlth    ..........             n - amulet of reflection
HPRegen  0.27/turn              r - +4 ring of protection
MPRegen  0.17/turn              q - ring of positive energy

@: no status effects
A: permanent stasis, dig shafts and tunnels, four strong arms, antennae 3
a: Dig, Shaft Self, Minor Destruction, Lesser Servant of Makhleb, Major
Destruction, Renounce Religion


You were in a volcano.
You worshipped Makhleb.
Makhleb was greatly pleased with you.
You visited 2 branches of the dungeon, and saw 14 of its levels.
You also visited: Volcano.

You collected 703 gold pieces.
You spent 441 gold pieces at shops.

Inventory:

Hand Weapons
 a - a +0 executioner's axe of venom (weapon)
   (You bought it in a shop on level 6 of the Dungeon)
 b - a +1 morningstar of flaming
   (You took it off Maggie on level 6 of the Dungeon)
Armour
 h - a +1 pair of boots (worn)
   (You found it on level 7 of the Dungeon)
 x - a +2 chain mail of poison resistance (worn)
   (You took it off Harold on level 9 of the Dungeon)
Jewellery
 n - an amulet of reflection (around neck)
   (You found it on level 2 of the Dungeon)
 q - a ring of positive energy (right hand)
   (You found it on level 1 of the Lair of Beasts)
 r - a +4 ring of protection (left hand)
   (You found it on level 3 of the Dungeon)
 w - an uncursed ring of ice
   (You found it on level 1 of the Lair of Beasts)
Wands
 d - a wand of iceblast (9)
   (You found it on level 2 of the Lair of Beasts)
 s - a wand of enslavement (7)
   (You found it on level 7 of the Dungeon)
 t - a wand of flame (20)
   (You found it on level 11 of the Dungeon)
 u - a wand of paralysis (12)
   (You took it off Harold on level 9 of the Dungeon)
 v - a wand of digging (3)
Scrolls
 c - 2 scrolls of fog
 e - 5 scrolls of fear
 f - a scroll of enchant weapon
 g - 3 scrolls of remove curse
 j - a scroll of immolation
 z - 3 scrolls of magic mapping
 A - 2 scrolls of enchant armour
Potions
 i - 2 potions of magic
 k - 2 potions of curing
 l - a potion of mutation
 m - a potion of might
 o - 2 potions of heal wounds
 p - 5 potions of resistance
 y - 2 potions of ambrosia


   Skills:
 + Level 11.5 Fighting
 * Level 14.0 Axes
 + Level 3.7 Armour
 - Level 1.7 Dodging
 - Level 6.0 Stealth
 + Level 11.7 Invocations


You had 12 spell levels left.
You didn't know any spells.
Your spell library contained the following spells:

 Spells                   Type           Power        Failure   Level
 Foxfire                  Conj/Fire      #...         97%         1
 Sandblast                Erth           #.....       97%         1
 Summon Small Mammal      Summ           #...         97%         1
 Call Imp                 Summ           #.......     99%         2
 Passwall                 Tmut/Erth      #.......     99%         2
 Call Canine Familiar     Summ           #.......     100%        3
 Confusing Touch          Hex            #.......     100%        3
 Conjure Flame            Conj/Fire      #.......     100%        3
 Gell's Gravitas          Tloc           #.........   100%        3
 Inner Flame              Hex/Fire       #.......     100%        3
 Stone Arrow              Conj/Erth      #.....       100%        3
 Summon Guardian Golem    Hex/Summ       #.......     100%        3
 Petrify                  Tmut/Erth      #.......     100%        4
 Sticky Flame             Conj/Fire      #.......     100%        4
 Summon Ice Beast         Ice/Summ       #.......     100%        4
 Summon Lightning Spire   Summ/Air       #.......     100%        4
 Fireball                 Conj/Fire      #.........   100%        5
 Lee's Rapid Deconstruct  Erth           #.........   100%        5
 Metabolic Englaciation   Hex/Ice        #.........   100%        5
 Yara's Violent Unravell  Hex/Tmut       #.........   100%        5


Dungeon Overview and Level Annotations

Branches:
Dungeon (11/15)            Temple (0/1) D:4            Lair (3/6) D:11
 Spider (0/4) Lair:3      Volcano (1/1)
  Swamp: Lair:2-4    Shoals: Lair:2-4       Orc: D:9-12

Altars:
Ashenzari
Elyvilon
Fedhas
Gozag
Hepliaklqana
Makhleb
Okawaru
Qazlal
Ru
Trog
Wu Jian
Zin

Shops:
D:5 *   D:6 *   D:9 !

Annotations:
D:9 3 runed translucent doors, Podwin's ghost, novice DEFE
Lair:2 exclusion: oklob plant


Innate Abilities, Weirdness & Mutations

You cannot be hasted, slowed, berserked, paralysed or teleported.
You can dig through walls and to a lower floor.
Your four strong arms can wield two-handed weapons with a shield.
You have a pair of large antennae on your head. (SInv)


Message History

Something unseen opens the door.
Found a radiant altar of Vehumet.
A gargoyle comes into view. It is wielding a +0 mace.
A red devil and a sun demon come into view.
The red devil is wielding a +0 trident of flaming.
The sun demon shouts!
The red devil hops backward while attacking.
The red devil closely misses you. The red devil barely misses you.
Found 18 gold pieces.
There is an open door here.
You slash the orc sorcerer!
The orc sorcerer is poisoned.
You closely miss the sun demon. The sun demon hits you!
You are engulfed in flames!
The orc sorcerer hits you with a +0 quarterstaff of flaming.
The orc sorcerer burns you. You block the red devil's attack.
The red devil hits you but does no damage.
The sun demon hits you!
You are engulfed in flames!!
* * * LOW HITPOINT WARNING * * *
Unknown command.
You hit the orc sorcerer.
The orc sorcerer looks as sick as possible!
You slice the neqoxec!! You completely miss the sun demon.
The orc sorcerer barely misses you.
The red devil hits you but does no damage.
The sun demon hits you but does no damage.
The red devil hits you from afar with a +2 trident of flaming!
* * * LOW HITPOINT WARNING * * *
The red devil burns you.
* * * LOW HITPOINT WARNING * * *
The neqoxec gestures at you.
Something tries to feed on your intellect!
The gargoyle hurls a stone arrow at you.
The stone arrow hits you!
* * * LOW HITPOINT WARNING * * *
The orc sorcerer hits you with a +0 quarterstaff of flaming.
* * * LOW HITPOINT WARNING * * *
The orc sorcerer burns you.
* * * LOW HITPOINT WARNING * * *
Unknown command.
Unknown command.
You closely miss the orc sorcerer. You slash the neqoxec!
You kill the neqoxec!
You barely miss the sun demon. The sun demon barely misses you.
The red devil barely misses you. The red devil closely misses you.
The gargoyle hurls a stone arrow at you.
The stone arrow hits you.
* * * LOW HITPOINT WARNING * * *
The sun demon hits you but does no damage.
The orc sorcerer hits you with a +0 quarterstaff of flaming!
You die...

### ##.#### ##
{ +...#$ .
#._.' o# #944#
#8###
#o.3##3...##
##@##.....$#
#...#.⌠..8$# {
+.∩.'.....$#
#...##....##
##### ##'##
#### ##...# #.#
##...## ##.##
##.....###8.8#
##...≈≈..#....#


You could see a sun demon, an orc sorcerer (extremely poisoned), 2 red devils
and a gargoyle.

Vanquished Creatures
  Harold (D:9)
  2 hydras
  Erica (D:8)
  Pikel (D:7)
  3 black mambas (Lair:2)
  Maggie (D:6)
  2 cane toads
  4 komodo dragons
  2 trolls
  A hornet (D:8)
  4 hippogriffs
  Sigmund (D:4)
  A wraith (D:10)
  23 yaks
  2 humans (D:8)
  5 fire bats (Volcano)
  Menkaure (D:7)
  Edmund (D:5)
  A soldier ant (D:11)
  A hell hound (Volcano)
  Duvessa (D:7)
  3 porcupines
  5 water moccasins
  An eye of draining (D:11)
  3 ice beasts
  3 orc warriors
  4 sky beasts
  4 ogres
  3 black bears
  A necrophage (D:10)
  A centaur (D:7)
  2 phantoms
  3 crocodiles
  3 lemures (D:7)
  4 bullfrogs
  A wyvern zombie (D:10)
  Dowan (D:7)
  4 scorpions
  11 killer bees
  14 wights
  4 howler monkeys
  A bullfrog zombie (D:5)
  A centaur zombie (D:5)
  4 lava snakes (Volcano)
  5 jellies
  2 bullfrog skeletons
  10 hounds
  4 orc priests
  An iguana (D:8)
  8 orc wizards
  2 centaur skeletons
  13 worker ants
  A killer bee zombie (D:4)
  2 hound skeletons
  3 gnolls (D:3)
  14 adders
  A howler monkey skeleton (D:8)
  A white imp (D:9)
  3 ufetubi
  An adder skeleton (D:7)
  A worm (D:4)
  A dart slug (D:1)
  5 leopard geckos
  33 orcs
  3 bats
  3 giant cockroaches
  4 goblins
  10 hobgoblins
  11 jackals
  2 kobolds (D:1)
  2 quokkas
  A ball python (D:5)
  7 frilled lizards
  A leopard gecko skeleton (D:4)
  A quokka skeleton (D:7)
  A quokka zombie (D:9)
  7 rats
  A plant (Lair:2)
305 creatures vanquished.

Vanquished Creatures (others)
  2 fungi
2 creatures vanquished.

Grand Total: 307 creatures vanquished

Notes
Turn   | Place    | Note
-------+----------+-------------------------------------------
     0 | D:5      | vurker the Formicid Delver began the quest for the Orb.
     0 | D:5      | Reached XP level 1. HP: 18/18 MP: 1/1
     4 | D:5      | Found a blossoming altar of Fedhas.
   440 | D:2      | Reached XP level 2. HP: 22/24 MP: 2/2
   983 | D:1      | Reached XP level 3. HP: 30/30 MP: 3/3
   998 | D:1      | Reached skill level 3 in Axes
  1625 | D:2      | Found a burning altar of Makhleb.
  1646 | D:2      | Became a worshipper of Makhleb the Destroyer
  2192 | D:3      | Reached XP level 4. HP: 36/37 MP: 4/4
  2269 | D:3      | Reached skill level 1 in Invocations
  2343 | D:3      | Found a bloodstained altar of Trog.
  2780 | D:3      | Found a hazy altar of Hepliaklqana.
  2870 | D:3      | You fall into a shaft and drop 2 floors!
  2870 | D:5      | Noticed a phantom
  2890 | D:4      | Reached XP level 5. HP: 35/42 MP: 6/6
  3156 | D:4      | Found a white marble altar of Elyvilon.
  3223 | D:4      | Reached skill level 4 in Axes
  3323 | D:4      | Noticed Sigmund
  3339 | D:4      | Killed Sigmund
  3339 | D:4      | Reached skill level 5 in Axes
  3339 | D:4      | Reached XP level 6. HP: 33/50 MP: 6/8
  3532 | D:4      | Noticed a sky beast
  3553 | D:4      | Killed a sky beast
  3553 | D:4      | Reached skill level 5 in Fighting
  3553 | D:4      | Reached XP level 7. HP: 16/56 MP: 9/9
  3842 | D:4      | Reached * piety under Makhleb
  3923 | D:4      | Found a glowing silver altar of Zin.
  4153 | D:4      | Found a staircase to the Ecumenical Temple.
  4589 | D:4      | Reached skill level 6 in Axes
  4822 | D:5      | Found an opulent altar of Gozag.
  4951 | D:5      | Found Xyisanu's General Store.
  4954 | D:5      | Bought a potion of curing for 33 gold pieces
  4954 | D:5      | Bought 2 scrolls of identify for 44 gold pieces
  4984 | D:5      | You fall into a shaft and drop 1 floor!
  5012 | D:5      | Noticed Edmund
  5244 | D:5      | Killed Edmund
  5244 | D:5      | Reached XP level 8. HP: 30/64 MP: 11/11
  5558 | D:5      | Reached skill level 7 in Axes
  5558 | D:5      | Reached skill level 5 in Invocations
  6129 | D:5      | Found a stormy altar of Qazlal.
  6355 | D:6      | Found a sacrificial altar of Ru.
  6356 | D:6      | Noticed Maggie
  6387 | D:6      | Killed Maggie
  6387 | D:6      | Reached skill level 8 in Axes
  6387 | D:6      | Reached XP level 9. HP: 46/71 MP: 13/13
  6796 | D:6      | Found Cuimuasm's Assorted Antiques.
  6962 | D:7      | Reached ** piety under Makhleb
  7177 | D:7      | Noticed Menkaure
  7191 | D:7      | Killed Menkaure
  7191 | D:7      | Reached skill level 9 in Axes
  7572 | D:7      | Noticed Duvessa
  7572 | D:7      | Noticed Dowan
  7596 | D:7      | Killed Duvessa
  7597 | D:7      | Noticed a hippogriff
  7614 | D:7      | Killed a hippogriff
  7635 | D:7      | Noticed a hippogriff
  7643 | D:7      | Killed a hippogriff
  7643 | D:7      | Reached XP level 10. HP: 56/80 MP: 15/15
  7784 | D:7      | Found a shattered altar of Ashenzari.
  7804 | D:7      | Killed Dowan
  8148 | D:7      | Reached skill level 10 in Axes
  8512 | D:8      | Noticed Pikel
  8609 | D:7      | Killed Pikel
  8991 | D:8      | Noticed Erica
  9009 | D:8      | Killed Erica
  9015 | D:8      | Found an iron altar of Okawaru.
  9024 | D:8      | Reached skill level 11 in Axes
  9119 | D:8      | Reached *** piety under Makhleb
  9363 | D:8      | Found an ornate altar of the Wu Jian Council.
  9556 | D:9      | Found Akhli Yhy's Distillery.
  9588 | D:9      | Found a runed translucent gate.
  9588 | D:9      | Found a runed translucent gate.
  9588 | D:9      | Found a runed translucent gate.
  9588 | D:9      | Noticed Podwin's ghost (novice DEFE)
  9623 | D:9      | Noticed Harold
  9641 | D:9      | Reached XP level 11. HP: 89/89 MP: 17/17
  9661 | D:9      | Killed Harold
  9680 | D:9      | You fall into a shaft and drop 1 floor!
  9680 | D:10     | Entered Level 10 of the Dungeon
 10340 | D:8      | Reached skill level 12 in Axes
 10760 | D:9      | Reached skill level 10 in Fighting
 10972 | D:9      | Reached skill level 10 in Invocations
 11847 | D:10     | Reached **** piety under Makhleb
 12303 | D:6      | Bought a glowing executioner's axe for 364 gold pieces
 12921 | D:11     | Reached XP level 12. HP: 95/95 MP: 19/19
 13163 | D:11     | Found a staircase to the Lair.
 13426 | Lair:1   | Entered Level 1 of the Lair of Beasts
 13544 | Lair:1   | Reached skill level 13 in Axes
 13891 | Lair:1   | Got a faintly humming ring mail
 14596 | Lair:2   | Noticed a six-headed hydra
 14619 | Lair:2   | Killed a seven-headed hydra
 14619 | Lair:2   | Reached skill level 1 in Armour
 16352 | Lair:3   | Noticed a four-headed hydra
 16361 | Lair:3   | Killed a four-headed hydra
 16370 | Lair:3   | Found a dark tunnel.
 16375 | Volcano  | Entered a volcano
 16538 | Volcano  | Reached skill level 14 in Axes
 16790 | Volcano  | Reached XP level 13. HP: 102/103 MP: 21/21
 16806 | Volcano  | Found a radiant altar of Vehumet.
 16810 | Volcano  | Slain by an orc sorcerer

Illustrated notes

Levels and vault maps discovered:
D:1:      tarquinn_simple_flora_water_f, layout_rooms,
          minmay_misc_feat_secret_circle
D:2:      layout_basic, lemuel_doored_altar, corexii_leaking_fountain,
          kennysheep_generic_room_14
D:3:      layout_loops_cross, marbit_many_paths, old_standard_altar,
          minivault_25
D:4:      minmay_chambers_of_threes, layout_layer_cave,
          lemuel_coloured_pillars_altar, elyvilon_altar_1, temple_statues,
          uniq_sigmund
D:5:      layout_cave_pools, grunt_temple_overflow_forces_of_nature,
          lemuel_crystal_altar, serial_shops, kennysheep_mini_moat, uniq_edmund
D:6:      layout_cave_pools, serial_shops, nicolae_shop_waterfront,
          hangedman_ru_absence, uniq_maggie
D:7:      layout_basic, kennysheep_mini, serial_glass, glass_columns_a,
          glass_columns_a, uniq_menkaure, uniq_duvessa
D:8:      layout_cave_pools, old_standard_altar, okawaru_humans, uniq_erica,
          uniq_pikel
D:9:      layout_small_grid, serial_shops, nicolae_shop_statue_plus,
          gammafunk_ghost_necromancy, hangedman_decor_riveting, uniq_harold
D:10:     layout_long_grid
D:11:     layout_cave_pools, grunt_lair_entry_orc_guard_hut
Lair:1:   layout_cave_pods
Lair:2:   layout_regular_city, chequers_serial_rivers_micro_a,
          serial_bayou_shore_b, serial_bayou_shore_a, minmay_lair_oklob_chamber
Lair:3:   layout_regular_city, spider_nest_entry_a, enter_volcano_1
Volcano:  volcano_grotto [vgs_many_chambers]

Skill      XL: |  1  2  3  4  5  6  7  8  9 10 11 12 |
---------------+-------------------------------------+-----
Axes           | 3 5 6 8 9 11 12 14 | 14.0
Fighting       | 4 5 6 8 9 10 11 | 11.5
Invocations    | 1 3 4 6 7 9 10 11 | 11.7
Armour         | 3 |  3.7
Dodging        | |  1.7
Stealth        | |  6.0

Action                   |  1- 3 |  4- 6 |  7- 9 | 10-12 | 13-15 || total
-------------------------+-------+-------+-------+-------+-------++-------
Melee: Hand axe          |   153 |   124 |   288 |       |       ||   565
       War axe           |       |       |   206 |   493 |       ||   699
       Executioner's axe |       |       |       |   296 |     3 ||   299
       Morningstar       |       |       |       |     3 |       ||     3
Invok: Lesser Servant of |       |       |       |     4 |       ||     4
       Minor Destruction |       |       |       |     1 |       ||     1
       Major Destruction |       |       |       |     1 |       ||     1
 Abil: Dig               |     2 |     2 |     9 |    11 |       ||    24
       Shaft Self        |       |       |     1 |     1 |       ||     2
Evoke: Wand              |       |       |       |     4 |       ||     4
  Use: Scroll            |       |     9 |     4 |     9 |       ||    22
       Potion            |       |     2 |       |       |       ||     2
 Stab: Sleeping          |     3 |       |       |       |       ||     3
       Distracted        |       |       |       |     1 |       ||     1
Armor: Leather armour    |    16 |       |       |       |       ||    16
       Chain mail        |    44 |     4 |   201 |   539 |     4 ||   792
       Scale mail        |     7 |       |       |       |       ||     7
       Plate armour      |       |    62 |    69 |       |       ||   131
       Skin              |       |     4 |       |       |       ||     4
Dodge: Dodged            |    88 |    27 |   151 |   315 |     6 ||   587
Block: Other             |     4 |    24 |   126 |   201 |     1 ||   356
       Reflection        |       |       |       |     2 |       ||     2

Table legend: (Time is in decaauts)
 A = Elapsed time spent in this place.
 B = Non-inter-level travel time spent in this place.
 C = Inter-level travel time spent in this place.
 D = Time resting spent in this place.
 E = Time spent auto-exploring this place.
 F = Levels seen in this place.
 G = Mean time per level.
                   A        B        C        D        E       F      G
               +--------+--------+--------+--------+--------+-----+--------+
         Total |  16970 |  16163 |    807 |    845 |  12326 |  15 | 1131.3 |
       Dungeon |  13516 |  12738 |    778 |    845 |   9390 |  11 | 1228.7 |
          Lair |   3005 |   2977 |     28 |      0 |   2608 |   3 | 1001.7 |
       Volcano |    447 |    447 |      0 |      0 |    328 |   1 |  447.0 |
               +--------+--------+--------+--------+--------+-----+--------+

Top non-repeatable levels by time:
  Lair:2: 1810 daAuts
     D:4: 1784 daAuts
     D:7: 1719 daAuts
     D:8: 1393 daAuts
     D:5: 1361 daAuts
     D:9: 1321 daAuts
     D:2: 1234 daAuts
  Lair:1: 1169 daAuts
    D:10: 1068 daAuts
     D:3: 948 daAuts
     D:6: 933 daAuts
    D:11: 912 daAuts
     D:1: 839 daAuts
 Volcano: 447 daAuts
  Lair:3: 25 daAuts
